[Event "*** SCC Grand Prix: Titled Tuesday Blitz"]
[Site "Chess.com"]
[Date "2020.09.29"]
[Round "5"]
[White "Synctel"]
[Black "lelya96"]
[Result "0-1"]
[WhiteElo "1983"]
[BlackElo "2211"]
[TimeControl "180+1"]
[EndTime "10:53:21 PDT"]
[Termination "lelya96 won on time"]

1. e4 e5 2. Nf3 Nc6 3. d4 exd4 4. Nxd4 Qf6 5. Be3 d6 6. Be2 Qg6 7. O-O Nf6 8. Nc3 Be7 9. Ndb5 Bd8 10. Nd5 Nxd5 11.
exd5 Bh3 12. Bf3 Ne5 13. Bf4 Nxf3+ 14. Qxf3 Bd7 15. Rfe1+ Kf8 16. Nd4 Bf6 17. Rad1 Qg4 18. Qxg4 Bxg4 19. f3 Bd7 20. c4 g6 21. Bh6+ Bg7 22.
Bxg7+ Kxg7 23. Re7 Rad8 24. Rde1 Rhe8 25. Rxe8 Rxe8 26.
Rxe8 Bxe8 27. Kf2 Kf6 28. Ke3 g5 29. g3 Bd7 30. f4 h6 31. b3 c6 32. dxc6 bxc6 33. Ne2 Kf5 0-1

[Event "*** SCC Grand Prix: Titled Tuesday Blitz"]
[Site "Chess.com"]
[Date "2020.09.29"]
[Round "5"]
[White "RaphCamora"]
[Black "SilviusTiberius"]
[Result "0-1"]
[WhiteElo "2399"]
[BlackElo "2631"]
[TimeControl "180+1"]
[EndTime "10:53:26 PDT"]
[Termination "SilviusTiberius won by resignation"]

1. Nf3 Nf6 2. c4 g6 3. Nc3 Bg7 4. e4 d6 5. d4 O-O 6. h3 e5 7. d5 a5 8. Be3 Na6 9. Be2 Nd7 10.
g4 Nb6 11. Rg1 Bd7 12. h4 Kh8 13. g5 Nc5 14. Qc2 Kg8 15. h5 Re8 16. O-O-O Nba4 17. hxg6 fxg6 18. Nd2 Nxc3 19. Qxc3 Rf8 20. Rh1 Rf4 21. Bxf4 exf4 22. Qc2 Qxg5 23. Nf3 Qe7 24. e5 dxe5 25. Rdg1 Bf5 26. Qd1 e4 27. Nd4 Qe5 0-1

[Event "*** SCC Grand Prix: Titled Tuesday Blitz"]
[Site "Chess.com"]
[Date "2020.09.29"]
[Round "5"]
[White "GregShahade"]
[Black "Egorov_Pavel"]
[Result "1-0"]
[WhiteElo "2625"]
[BlackElo "2449"]
[TimeControl "180+1"]
[EndTime "10:53:30 PDT"]
[Termination "GregShahade won by checkmate"]

1. e4 Nf6 2. e5 Nd5 3. d4 d6 4.
Nf3 g6 5. Bc4 Nb6 6. Bb3 Bg7 7.
Qe2 O-O 8. h3 Nc6 9. O-O dxe5 10. dxe5 Nd4 11. Nxd4 Qxd4 12. Re1 a5 13. a4 e6 14. Nc3 Nd7 15. Nb5 Qxe5 16. Qf1 Qc5 17. Be3 Qc6 18. Rad1 Bxb2 19. c3 Bxc3 20. Rc1 Bxe1 21.
Rxc6 bxc6 22. Qxe1 cxb5 23. Bh6 Re8 24. Qc3 e5 25.
Qf3 Re7 26. Qxa8 Nb6 27. Qc6 bxa4 28. Qf6 axb3 29. Qg7# 1-0

[Event "*** SCC Grand Prix: Titled Tuesday Blitz"]
[Site "Chess.com"]
[Date "2020.09.29"]
[Round "5"]
[White "Lion-Al-Messi"]
[Black "KyrgyzFighter"]
[Result "1-0"]
[WhiteElo "2530"]
[BlackElo "2370"]
[TimeControl "180+1"]
[EndTime "10:53:32 PDT"]
[Termination "Lion-Al-Messi won by resignation"]

1. e4 e6 2. d4 d5 3. exd5 exd5 4. Bd3 Nc6 5. c3 Bd6 6. Nf3 Nge7 7. O-O Bg4 8. Nbd2 Qd7 9. Re1 O-O-O 10. b4 f6 11. Nb3 Rde8 12. b5 Nd8 13. Nc5 Bxc5 14. dxc5 c6 15.
bxc6 Ndxc6 16. Bf4 Ng6 17. Bd6 Nge5 18. Be2 Nxf3+ 19.
gxf3 Bh5 20. Qxd5 Re5 21. Qd3 Rg5+ 22. Kh1 Re8 23. Rg1 Qh3 24. Rxg5 fxg5 25. Bg3 Qe6 26. Bf1 Rd8 27. Qe4 Qf6 28. Bh3+ g4 29. Bxg4+ Bxg4 30. Qxg4+ Rd7 31. Rd1 Qe7 32. Kg2 h5 33. Qxd7+ Qxd7 34. Rxd7 Kxd7 35. Kh3 Ke6 36. Kh4 g6 37. Kg5 Kf7 38.
Bd6 Na5 39. f4 Nc4 40. f5 gxf5 41. Kxf5 Nd2 42. h3 Nb1 43. Be5 h4 44. Kg4 Ke6 45.
Bd4 1-0

[Event "*** SCC Grand Prix: Titled Tuesday Blitz"]
[Site "Chess.com"]
[Date "2020.09.29"]
[Round "5"]
[White "Superfelix"]
[Black "RasSanti"]
[Result "1-0"]
[WhiteElo "2487"]
[BlackElo "2326"]
[TimeControl "180+1"]
[EndTime "10:53:32 PDT"]
[Termination "Superfelix won by checkmate"]

1. e4 c6 2. Nc3 d5 3. Qe2 dxe4 4. Nxe4 Bf5 5. d3 e6 6. Nf3 Nf6 7. g3 Nbd7 8. Bg2 Be7 9. O-O O-O 10. b3 Nc5 11.
Nxc5 Bxc5 12. Bb2 Re8 13. Rfe1 a5 14. Nh4 Bg4 15. Bxf6 Qxf6 16. Qxg4 Bxf2+ 17. Kh1 Bxe1 18. Rxe1 Qb2 19. Qe2 Qxa2 20. Nf3 a4 21. bxa4 Qxa4 22. Ng5 h6 23. Ne4 Qd4 24. h4 Red8 25. Rf1 Ra1 26. Rxa1 Qxa1+ 27. Kh2 Qe5 28. Qf2 f5 29. Nd2 Qd4 30. Qe2 Re8 31. Qh5 Rf8 32. Nf3 Qd6 33.
Qg6 Rf6 34. Qe8+ Kh7 35. h5 f4 36. g4 Rf8 37. Qg6+ Kg8 38. g5 hxg5 39. h6 Rf5 40.
Qxg7# 1-0

[Event "*** SCC Grand Prix: Titled Tuesday Blitz"]
[Site "Chess.com"]
[Date "2020.09.29"]
[Round "5"]
[White "blitzking1729"]
[Black "NotFischer"]
[Result "1-0"]
[WhiteElo "2548"]
[BlackElo "2292"]
[TimeControl "180+1"]
[EndTime "10:53:33 PDT"]
[Termination "blitzking1729 won by checkmate"]

1. d4 Nf6 2. Bg5 d5 3. Nd2 g6 4. Bxf6 exf6 5. e3 Bg7 6. g3 O-O 7. Bg2 c6 8. Ne2 Re8 9. O-O Nd7 10. c4 Nb6 11. cxd5 cxd5 12. Rc1 Be6 13. Nf4 Qd7 14.
Nd3 Bh3 15. Nc5 Qf5 16. Qf3 Qxf3 17. Nxf3 Bxg2 18. Kxg2 Re7 19. Rc2 h6 20. Rfc1 Rae8 21. Nd2 f5 22. a4 g5 23. a5 Nd7 24. Nxb7 f4 25. gxf4 gxf4 26. Nd6 Rb8 27. Rc8+ Rxc8 28. Rxc8+ Kh7 29. Rc7 fxe3 30. fxe3 Rxe3 31. Nf3 Re2+ 32. Kf1 Re3 33. Kf2 Rb3 34. Rxd7 Rxb2+ 35. Kg3 a6 36. Rxf7 Kg6 37. Ra7 Rb3 38. Rxa6 Kh5 39. Nf5 Bf8 40. Kf4 Ba3 41. Ng3# 1-0

[Event "*** SCC Grand Prix: Titled Tuesday Blitz"]
[Site "Chess.com"]
[Date "2020.09.29"]
[Round "5"]
[White "LogoCzar"]
[Black "Gabrielian_Artur"]
[Result "0-1"]
[WhiteElo "2422"]
[BlackElo "2734"]
[TimeControl "180+1"]
[EndTime "10:53:33 PDT"]
[Termination "Gabrielian_Artur won by resignation"]

1. e4 c5 2. Nf3 d6 3. d4 cxd4 4. Nxd4 Nf6 5. Nc3 Nc6 6. Bc4 Qb6 7. Nb3 e6 8. Bf4 Ne5 9. Be2 Be7 10. Qd2 O-O 11. O-O-O a6 12. g4 Qc7 13. g5 Nfd7 14.
Be3 b5 15. f4 Nc4 16. Bxc4 bxc4 17. Nd4 Rb8 18. Nf5 exf5 19. Nd5 Qd8 20. exf5 Bb7 21.
f6 Bxd5 22. fxe7 Qxe7 23. Rhe1 Be4 24. Qxd6 Qxd6 25. Rxd6 Bf5 26. Bd4 f6 27. gxf6 Nxf6 28. Re7 Rf7 29. Bxf6 Rxf6 30. Rd5 Bg6 31. Rdd7 Rxf4 32.
Rxg7+ Kf8 33. Ra7 Rh4 34. Rgc7 Rd8 35. Rxa6 Rxh2 0-1

[Event "*** SCC Grand Prix: Titled Tuesday Blitz"]
[Site "Chess.com"]
[Date "2020.09.29"]
[Round "5"]
[White "northridgehawk"]
[Black "night_player"]
[Result "1-0"]
[WhiteElo "2317"]
[BlackElo "2026"]
[TimeControl "180+1"]
[EndTime "10:53:33 PDT"]
[Termination "northridgehawk won by resignation"]

1. e4 c5 2. Nf3 Nc6 3. d4 cxd4 4. c3 d3 5. Bxd3 e5 6. O-O Bc5 7. a4 d6 8. Na3 Nf6 9. Nc4 h6 10. a5 a6 11. Bc2 Be6 12. Qe2 O-O 13. b4 Ba7 14.
Rd1 Bxc4 15. Qxc4 Qe7 16. Nh4 Rfd8 17. Nf5 Qc7 18. Qe2 Ne7 19. Nxe7+ Qxe7 20. Bb3 Rac8 21. Rd3 Kh8 22. Bb2 Ne8 23. Rad1 f6 24. Qh5 Nc7 25. Bc1 Ne6 26. Bxh6 gxh6 27. Qxh6+ Qh7 28. Qxf6+ Ng7 29. Rh3 Rxc3 30. Qxd8+ 1-0

[Event "*** SCC Grand Prix: Titled Tuesday Blitz"]
[Site "Chess.com"]
[Date "2020.09.29"]
[Round "5"]
[White "bazar-wokzal"]
[Black "AndrewMaco"]
[Result "1-0"]
[WhiteElo "2475"]
[BlackElo "2647"]
[TimeControl "180+1"]
[EndTime "10:53:35 PDT"]
[Termination "bazar-wokzal won on time"]

1. e4 c6 2. d4 d5 3. e5 Bf5 4.
Nc3 e6 5. g4 Bg6 6. Nge2 f6 7.
Nf4 fxe5 8. dxe5 Nd7 9. Nxe6 Qe7 10. Nc7+ Kd8 11. Nxa8 Nxe5 12. Be3 Nf6 13. Be2 h5 14. Qd4 c5 15. Qa4 d4 16. O-O-O hxg4 17. Bg5 Kc8 18.
Nb5 Nc6 19. Nxa7+ Nxa7 20. Nb6+ Kb8 21. Bf4+ 1-0

[Event "*** SCC Grand Prix: Titled Tuesday Blitz"]
[Site "Chess.com"]
[Date "2020.09.29"]
[Round "5"]
[White "RaunakSadhwani2005"]
[Black "francyIM"]
[Result "1-0"]
[WhiteElo "2936"]
[BlackElo "2759"]
[TimeControl "180+1"]
[EndTime "10:53:36 PDT"]
[Termination "RaunakSadhwani2005 won by resignation"]

1. Nf3 c5 2. b3 Nc6 3. Bb2 d6 4. e3 Nf6 5. h3 g6 6. Bxf6 exf6 7. c4 d5 8. cxd5 Qxd5 9. Nc3 Qd7 10. Rc1 f5 11. Bb5 a6 12. Ne5 Qd6 13. Bxc6+ bxc6 14. Qf3 Bb7 15. Nc4 Qc7 16. O-O Bg7 17. Na4 Qe7 18. Na5 O-O 19. Nxc5 Bc8 20. Nxc6 Qd6 21. Ne7+ Qxe7 22. Qxa8 f4 23. Qe4 Qd6 24.
Qxf4 Qxd2 25. a4 Re8 26. Rfd1 Qb2 27. Qc4 Rf8 28. Rc2 Qa3 29. Nd7 Re8 30. Qxc8 Rxc8 31.
Rxc8+ Bf8 32. Rxf8+ Kg7 33. Rb8 Qb2 34. g3 h5 35. h4 g5 36. hxg5 h4 37. gxh4 Qe2 38.
Rd4 a5 39. Nf6 Kg6 40. Rf4 Qd1+ 41. Kh2 1-0

[Event "*** SCC Grand Prix: Titled Tuesday Blitz"]
[Site "Chess.com"]
[Date "2020.09.29"]
[Round "5"]
[White "Zhuu96"]
[Black "sokidze"]
[Result "0-1"]
[WhiteElo "2799"]
[BlackElo "2626"]
[TimeControl "180+1"]
[EndTime "10:53:37 PDT"]
[Termination "sokidze won by resignation"]

1. e4 c6 2. Nf3 d5 3. d3 dxe4 4. dxe4 Qxd1+ 5. Kxd1 Bg4 6. Be2 Nd7 7. Nc3 O-O-O 8. Be3 Bxf3 9. gxf3 e5 10. Ke1 Ngf6 11. Bc4 Bc5 12. Bxf7 Rhf8 13. Be6 Kc7 14. Ke2 Bb4 15.
a3 Bxc3 16. bxc3 Nh5 17. Rhd1 Nf4+ 18. Bxf4 Rxf4 19. Rxd7+ Rxd7 20. Bxd7 Kxd7 21. Rg1 g6 22. Rg4 Rxg4 23. fxg4 g5 24. Kd3 Kd6 25. Kc4 a5 26. a4 b6 27. Kd3 Kc5 28. f3 b5 29. axb5 cxb5 30. c4 b4 31. f4 exf4 32. e5 a4 33.
e6 Kd6 34. c5+ Kxe6 35. Kc4 Kd7 36. Kxb4 f3 0-1

[Event "*** SCC Grand Prix: Titled Tuesday Blitz"]
[Site "Chess.com"]
[Date "2020.09.29"]
[Round "5"]
[White "AlexSuv"]
[Black "MF1966Idrisov"]
[Result "1-0"]
[WhiteElo "2511"]
[BlackElo "2356"]
[TimeControl "180+1"]
[EndTime "10:53:38 PDT"]
[Termination "AlexSuv won by resignation"]

1. d4 Nf6 2. c4 e6 3. Nc3 d5 4. cxd5 exd5 5. Bg5 Be7 6. e3 O-O 7. Bd3 c6 8. Qc2 h6 9. Bh4 Nbd7 10. Nf3 Re8 11. O-O Nf8 12. Ne5 N6d7 13. Bg3 Nxe5 14.
Bxe5 Bd6 15. Bxd6 Qxd6 16. a3 g6 17. b4 a6 18. Rab1 Kg7 19. Qa4 Qf6 20. Nxd5 Qd8 21. Nf4 Ne6 22. Nxe6+ Bxe6 23. Qa5 Qf6 24. Qc7 Re7 25.
Qg3 Bd5 26. Rbc1 Rae8 27. Bc4 Be4 28. Rfd1 h5 29. f3 Bf5 30. e4 Be6 31. d5 Bd7 32. Qf2 cxd5 33. Bxd5 Bc8 34. Qd4 Re5 35. Rc7 R8e7 36.
Rdc1 Rxc7 37. Rxc7 Re8 38. Rxf7+ 1-0

[Event "*** SCC Grand Prix: Titled Tuesday Blitz"]
[Site "Chess.com"]
[Date "2020.09.29"]
[Round "5"]
[White "Shivagami"]
[Black "Ural_bogatyr"]
[Result "0-1"]
[WhiteElo "2201"]
[BlackElo "2379"]
[TimeControl "180+1"]
[EndTime "10:53:39 PDT"]
[Termination "Ural_bogatyr won on time"]

1. e4 e5 2. Nc3 Nf6 3. Bc4 Nc6 4. d3 Na5 5. Bb3 Nxb3 6. axb3 Bc5 7. Nge2 O-O 8. O-O a6 9. Kh1 d6 10. h3 h6 11. f4 Ng4 12. Qe1 Ne3 13. Bxe3 Bxe3 14. f5 c6 15. f6 Bg5 16. fxg7 Kxg7 17. Ng3 Kh7 18. Nh5 f5 19. exf5 Bxf5 20. Rxf5 Rxf5 21. Qe4 Qd7 22. Rf1 Rf8 23. g4 d5 0-1

[Event "*** SCC Grand Prix: Titled Tuesday Blitz"]
[Site "Chess.com"]
[Date "2020.09.29"]
[Round "5"]
[White "Sergey85Rodchenkov"]
[Black "Matols"]
[Result "1-0"]
[WhiteElo "2457"]
[BlackElo "2251"]
[TimeControl "180+1"]
[EndTime "10:53:41 PDT"]
[Termination "Sergey85Rodchenkov won by resignation"]

1. e4 e6 2. d4 d5 3. Nd2 c5 4. Ngf3 cxd4 5. exd5 Qxd5 6. Bc4 Qd6 7. O-O Nf6 8. Nb3 Nc6 9. Nbxd4 Nxd4 10. Nxd4 a6 11. Bb3 Qc7 12. c3 Bd6 13. h3 Bd7 14. Qf3 O-O 15. Bg5 Bh2+ 16. Kh1 Be5 17. Rad1 h6 18. Bh4 Rac8 19. Rfe1 Bxd4 20. Rxd4 Bc6 21. Qe2 Nd5 22. Bg3 Qb6 23. Red1 Rfd8 24. f3 Nf6 25. Be5 Nd5 26.
Bc2 Ne7 27. Qd3 Rxd4 28. Bxd4 Qc7 29. Qh7+ Kf8 30. Qxg7+ 1-0

[Event "*** SCC Grand Prix: Titled Tuesday Blitz"]
[Site "Chess.com"]
[Date "2020.09.29"]
[Round "5"]
[White "r31415"]
[Black "BJthechessgod"]
[Result "1-0"]
[WhiteElo "2463"]
[BlackElo "2304"]
[TimeControl "180+1"]
[EndTime "10:53:42 PDT"]
[Termination "r31415 won by checkmate"]

1. c4 Nf6 2. Nc3 e6 3. e4 b6 4. e5 Ng8 5. d4 Bb7 6. f4 Bb4 7.
Qg4 Bxc3+ 8. bxc3 Kf8 9. Nf3 Nh6 10. Qh3 d6 11. Bd3 Nd7 12. O-O c5 13. f5 Nxf5 14.
Bxf5 exf5 15. Qxf5 dxe5 16. dxe5 Bxf3 17. Rxf3 Qe8 18.
Re3 Qe6 19. Qe4 Re8 20. Qb7 Nxe5 21. Qxa7 Qxc4 22. Qxb6 Rd8 23. Qxd8# 1-0

[Event "*** SCC Grand Prix: Titled Tuesday Blitz"]
[Site "Chess.com"]
[Date "2020.09.29"]
[Round "5"]
[White "Kaslask"]
[Black "TimKett"]
[Result "1-0"]
[WhiteElo "2354"]
[BlackElo "2159"]
[TimeControl "180+1"]
[EndTime "10:53:44 PDT"]
[Termination "Kaslask won on time"]

1. d4 d5 2. c4 e6 3. Nc3 c5 4. cxd5 exd5 5. dxc5 d4 6. Na4 Bxc5 7. Nxc5 Qa5+ 8. Bd2 Qxc5 9. Nf3 Nc6 10. e3 Nf6 11.
Rc1 Qb6 12. exd4 Nxd4 13. Qa4+ Nc6 14. Bb5 O-O 15. O-O Bd7 16. Be3 Qc7 17. Rfd1 a6 18.
Be2 Rac8 19. Qh4 Rfe8 20. Bd3 Bg4 21. Bxh7+ Nxh7 22. Qxg4 Nf6 23. Qh4 Re4 24. Qg5 Rg4 25.
Qf5 Re8 26. g3 1-0

[Event "*** SCC Grand Prix: Titled Tuesday Blitz"]
[Site "Chess.com"]
[Date "2020.09.29"]
[Round "5"]
[White "Jadeit90"]
[Black "ErikRonka"]
[Result "1-0"]
[WhiteElo "2340"]
[BlackElo "2465"]
[TimeControl "180+1"]
[EndTime "10:53:45 PDT"]
[Termination "Jadeit90 won by resignation"]

1. e4 c6 2. d4 d5 3. Nd2 dxe4 4. Nxe4 Bf5 5. Ng3 Bg6 6. h4 h6 7. Nh3 e6 8. Nf4 Bh7 9. Bc4 Nf6 10. Nfh5 Nbd7 11. c3 Nxh5 12. Nxh5 Nf6 13. Bf4 Nxh5 14. Qxh5 Bd6 15. Bxd6 Qxd6 16. O-O-O Qf4+ 17. Rd2 O-O 18.
Qe5 Qf5 19. Bd3 Qg4 20. Bxh7+ Kxh7 21. f3 Qg6 22. g4 f5 23. g5 Rae8 24. Rg2 f4 25. h5 Qd3 26. gxh6 Qe3+ 27. Kb1 Qxe5 28. dxe5 Kxh6 29. Rg6+ Kh7 30. Rhg1 Re7 31. R1g5 Rf5 32. Rxf5 exf5 33. e6 Kh8 34. Kc2 c5 35. Kd3 b5 36.
b4 Kg8 37. h6 Kf8 38. h7 1-0

[Event "*** SCC Grand Prix: Titled Tuesday Blitz"]
[Site "Chess.com"]
[Date "2020.09.29"]
[Round "5"]
[White "RobPeresian"]
[Black "pavelalexandru07"]
[Result "1-0"]
[WhiteElo "2416"]
[BlackElo "2240"]
[TimeControl "180+1"]
[EndTime "10:53:45 PDT"]
[Termination "RobPeresian won by resignation"]

1. Nf3 c5 2. c4 Nf6 3. Nc3 a6 4. g3 d5 5. cxd5 Nxd5 6. Nxd5 Qxd5 7. d3 Nc6 8. Bg2 e5 9. O-O Qd8 10. Be3 Bd6 11. Rc1 Nd4 12. Nd2 O-O 13. a3 Bg4 14. f3 Be6 15. Ne4 h6 16. f4 exf4 17. Bxf4 Bxf4 18. Rxf4 b6 19. e3 Nf5 20. Qe2 Qd7 21. Rcf1 Rad8 22. Bh3 Nd4 23. exd4 Bxh3 24. R1f2 Qxd4 25. Nf6+ gxf6 26. Rxd4 Rxd4 27. Qh5 Re8 28. Qxh3 1-0

[Event "*** SCC Grand Prix: Titled Tuesday Blitz"]
[Site "Chess.com"]
[Date "2020.09.29"]
[Round "5"]
[White "ORS1984"]
[Black "A-Fier"]
[Result "0-1"]
[WhiteElo "2530"]
[BlackElo "2844"]
[TimeControl "180+1"]
[EndTime "10:53:46 PDT"]
[Termination "A-Fier won by resignation"]

1. e4 Nf6 2. e5 Nd5 3. d4 d6 4. Bc4 Nb6 5. Bb3 g6 6. Qe2 Bg7 7. Nf3 O-O 8. O-O Nc6 9. exd6 cxd6 10. c3 e5 11. dxe5 dxe5 12. Nbd2 Bf5 13. Ne4 h6 14.
Rd1 Qe7 15. Ng3 Bd7 16. Be3 Na5 17. Qd2 Kh7 18. Bxb6 axb6 19. Qxd7 Qxd7 20. Rxd7 Nxb3 21. Re1 Nc5 22. Re7 Rxa2 23. Nxe5 Bxe5 24. R7xe5 Rxb2 25. Ne4 Nd3 26. Nf6+ Kg7 27. Ne8+ Kh8 28. Re7 Nxe1 0-1

[Event "*** SCC Grand Prix: Titled Tuesday Blitz"]
[Site "Chess.com"]
[Date "2020.09.29"]
[Round "5"]
[White "frederiksvane"]
[Black "Kotofeyca"]
[Result "1-0"]
[WhiteElo "2673"]
[BlackElo "2342"]
[TimeControl "180+1"]
[EndTime "10:53:46 PDT"]
[Termination "frederiksvane won by checkmate"]

1. e4 c5 2. Nf3 d6 3. Bb5+ Bd7 4. c4 Nf6 5. Nc3 Bxb5 6. cxb5 a6 7. bxa6 Rxa6 8.
O-O Nc6 9. d4 cxd4 10. Nxd4 g6 11. Nxc6 bxc6 12. Qe2 Ra5 13. b4 Ra8 14. e5 dxe5 15.
Qxe5 Bg7 16. Bb2 O-O 17. Rfd1 Nd5 18. Qg3 e6 19. Nxd5 Bxb2 20. Rab1 cxd5 21. Rxb2 Qf6 22.
Qb3 d4 23. b5 e5 24. a4 e4 25. Qb4 d3 26. Rb3 Qe5 27. b6 Rfb8 28. Re1 f5 29.
Rc1 Ra6 30. b7 Ra7 31. Rc8+ Kg7 32. Qf8# 1-0

[Event "*** SCC Grand Prix: Titled Tuesday Blitz"]
[Site "Chess.com"]
[Date "2020.09.29"]
[Round "5"]
[White "shriyanasmallya"]
[Black "PavelChernomordik"]
[Result "0-1"]
[WhiteElo "1591"]
[BlackElo "2305"]
[TimeControl "180+1"]
[EndTime "10:53:47 PDT"]
[Termination "PavelChernomordik won by resignation"]

1. e4 g6 2. Nf3 Bg7 3. d4 d6 4. Nc3 a6 5. Be3 b5 6. Bd3 Bb7 7. Qd2 Nd7 8. O-O-O c5 9. dxc5 Nxc5 10. Bxc5 dxc5 11.
Qe2 Qa5 12. Nb1 c4 13. Bxc4 bxc4 14. Qxc4 Nf6 15. Nc3 O-O 16. e5 Rfc8 17. Qd3 Ng4 18. Rhf1 Nxe5 19. Nxe5 Bxe5 20. Nd5 Qxa2 21. Nxe7+ Kf8 22.
Nxc8 Bf4+ 23. Qe3 Bxe3+ 24. fxe3 Rxc8 25. Rf2 Qa1+ 26. Kd2 Rd8+ 0-1

[Event "*** SCC Grand Prix: Titled Tuesday Blitz"]
[Site "Chess.com"]
[Date "2020.09.29"]
[Round "5"]
[White "TokChess"]
[Black "HanSchut"]
[Result "1-0"]
[WhiteElo "2406"]
[BlackElo "2226"]
[TimeControl "180+1"]
[EndTime "10:53:47 PDT"]
[Termination "TokChess won by resignation"]

1. Nf3 Nf6 2. g3 c5 3. Bg2 Nc6 4. O-O d5 5. c4 g6 6. cxd5 Nxd5 7. Nc3 Nc7 8. d3 Bg7 9. Nd2 Bd7 10. a4 b6 11. Nc4 Rc8 12. Bf4 O-O 13. a5 e5 14.
axb6 axb6 15. Bxc6 Bxc6 16. Bxe5 Nd5 17. Bxg7 Kxg7 18.
Ne5 Ba8 19. Qd2 f6 20. Nc4 b5 21. Ne3 Nxc3 22. Qxc3 Qd7 23. f3 Rfe8 24. Kf2 Qe7 25. Qd2 c4 26. dxc4 Rcd8 27. Qc3 b4 28. Qb3 Rd2 29.
Rfd1 Rc2 30. Rxa8 Rc3 31. Rxe8 1-0

[Event "*** SCC Grand Prix: Titled Tuesday Blitz"]
[Site "Chess.com"]
[Date "2020.09.29"]
[Round "5"]
[White "Akmal_Fayzullaev"]
[Black "vovachesss"]
[Result "1-0"]
[WhiteElo "2304"]
[BlackElo "2672"]
[TimeControl "180+1"]
[EndTime "10:53:52 PDT"]
[Termination "Akmal_Fayzullaev won by resignation"]

1. e4 Nf6 2. e5 Nd5 3. Nc3 Nxc3 4. dxc3 d5 5. Nf3 Bg4 6. h3 Bxf3 7. Qxf3 e6 8. Bd3 Nd7 9. Qg3 g6 10. Bg5 Be7 11. Bh6 c6 12. O-O Bf8 13. Bg5 Qc7 14.
Rfe1 Bg7 15. Bf4 O-O 16. h4 Nc5 17. h5 Nxd3 18. cxd3 c5 19. Qg4 Rae8 20. g3 c4 21.
d4 Qb6 22. Re2 f5 23. exf6 Rxf6 24. Be5 Rf5 25. hxg6 h5 26. Qh4 Qc6 27. Rae1 Qd7 28. Bxg7 Kxg7 29. Re5 Kxg6 30. g4 Rxe5 31. Rxe5 Qh7 32.
Rxh5 Qe7 33. Rh6+ Kg7 34. Rh7+ 1-0

[Event "*** SCC Grand Prix: Titled Tuesday Blitz"]
[Site "Chess.com"]
[Date "2020.09.29"]
[Round "5"]
[White "shineatchess"]
[Black "Manukyan_Artak"]
[Result "1-0"]
[WhiteElo "2214"]
[BlackElo "2384"]
[TimeControl "180+1"]
[EndTime "10:53:52 PDT"]
[Termination "shineatchess won by resignation"]

1. e4 c6 2. d4 d5 3. e5 Bf5 4. h4 h5 5. c4 e6 6. Nc3 Nd7 7. cxd5 cxd5 8. Bd3 Bxd3 9. Qxd3 Qb6 10. Nf3 Ne7 11.
Ng5 Nf5 12. Nxd5 Bb4+ 13. Kf1 exd5 14. Qxf5 O-O-O 15. Nxf7 Qxd4 16. Be3 Qe4 17. Qxe4 dxe4 18. Rc1+ Kb8 19. Nxh8 Rxh8 20. e6 Nf6 21. Ke2 Re8 22.
Rc4 Bd6 23. Rhc1 b6 24. Rc6 Rxe6 25. Rxd6 Rxd6 26. Bf4 Ne8 27. Rc6 Kb7 28. Rxd6 1-0

[Event "*** SCC Grand Prix: Titled Tuesday Blitz"]
[Site "Chess.com"]
[Date "2020.09.29"]
[Round "5"]
[White "sjam6687"]
[Black "kuban1991"]
[Result "0-1"]
[WhiteElo "2512"]
[BlackElo "2831"]
[TimeControl "180+1"]
[EndTime "10:53:54 PDT"]
[Termination "kuban1991 won by resignation"]

1. d4 g6 2. e4 Bg7 3. Nf3 c6 4. c3 d5 5. e5 Bg4 6. h3 Bxf3 7.
Qxf3 e6 8. Bd3 Ne7 9. Qe2 c5 10.
Nd2 Nbc6 11. Nf3 cxd4 12. cxd4 O-O 13. O-O Rc8 14. Bd2 Qb6 15. Bc3 Rc7 16. Rfc1 Rfc8 17. g4 Na5 18. Rc2 Nc4 19. Rac1 a6 20. Be1 Na5 21.
Rxc7 Rxc7 22. Rxc7 Qxc7 23. Qc2 Qxc2 24. Bxc2 Nc4 25. b3 Na3 26. Bb4 Nxc2 27. Bxe7 Bf8 28. Bxf8 Kxf8 29. Kf1 Nb4 30. a4 Nd3 31. Nd2 g5 32.
Nf3 h6 33. h4 gxh4 34. Nxh4 Nc1 35. b4 Na2 36. b5 a5 0-1

[Event "*** SCC Grand Prix: Titled Tuesday Blitz"]
[Site "Chess.com"]
[Date "2020.09.29"]
[Round "5"]
[White "ZenBull"]
[Black "canary2016"]
[Result "1-0"]
[WhiteElo "2183"]
[BlackElo "1902"]
[TimeControl "180+1"]
[EndTime "10:53:54 PDT"]
[Termination "ZenBull won by checkmate"]

1. Nf3 d5 2. d4 c6 3. c4 Nf6 4. Nc3 e6 5. Bg5 Nbd7 6. e3 Qa5 7. Nd2 dxc4 8. Bxf6 Nxf6 9. Nxc4 Qc7 10. Bd3 Be7 11. O-O O-O 12. Rc1 Rd8 13. Qe2 Bd7 14. Rfd1 Rac8 15.
Ne5 Be8 16. h3 Bd6 17. f4 Nd5 18. Nb5 Qb8 19. Nxd6 Qxd6 20. a3 Rc7 21. Bb1 Rdc8 22. Qd3 Nf6 23. Ng4 Nxg4 24. Qxh7+ Kf8 25. hxg4 g6 26. g5 Bd7 27. Qh8+ Ke7 28. Qf6+ Kf8 29. Bxg6 Be8 30. Kf2 Kg8 31. Rh1 fxg6 32. Rh8# 1-0

[Event "*** SCC Grand Prix: Titled Tuesday Blitz"]
[Site "Chess.com"]
[Date "2020.09.29"]
[Round "5"]
[White "Quiet_Desperation"]
[Black "Gulkov_Igor"]
[Result "0-1"]
[WhiteElo "2026"]
[BlackElo "2441"]
[TimeControl "180+1"]
[EndTime "10:53:55 PDT"]
[Termination "Gulkov_Igor won by resignation"]

1. e4 c5 2. Nf3 d6 3. d4 cxd4 4. Nxd4 Nf6 5. Nc3 a6 6. h3 e5 7.
Nde2 Be7 8. g3 O-O 9. Bg2 b5 10. a3 Bb7 11. O-O Nbd7 12. Be3 Nc5 13. Bxc5 dxc5 14. Nd5 Nxd5 15. exd5 Bd6 16. c4 f5 17. Qb3 Qd7 18. Qc2 Rae8 19. Rab1 e4 20. b4 bxc4 21. Qxc4 cxb4 22. axb4 Rc8 23. Qb3 Be5 24. Rfd1 Qd6 25.
b5 axb5 26. Qxb5 Ba6 27. Nd4 Bxb5 28. Rxb5 Bxd4 29. Rxd4 Rc1+ 30. Kh2 Rc2 31. Rb7 Rxf2 32. Rc4 f4 33. Rcc7 Qg6 0-1

[Event "*** SCC Grand Prix: Titled Tuesday Blitz"]
[Site "Chess.com"]
[Date "2020.09.29"]
[Round "5"]
[White "beto-betun"]
[Black "AttilaTurzo"]
[Result "0-1"]
[WhiteElo "2135"]
[BlackElo "2429"]
[TimeControl "180+1"]
[EndTime "10:53:57 PDT"]
[Termination "AttilaTurzo won by resignation"]

1. d4 d5 2. Nf3 c6 3. c4 Nf6 4. Nc3 a6 5. cxd5 cxd5 6. g3 Nc6 7. Bg2 Bf5 8. O-O e6 9. Bf4 Be7 10. Rc1 O-O 11. a3 Rc8 12. Nh4 Be4 13. f3 Bg6 14. Nxg6 hxg6 15. Be3 b5 16. Bf2 e5 17. dxe5 Nxe5 18. Qd4 Nc4 19. Rc2 Bc5 20. Qd3 Bxf2+ 21. Rxf2 d4 22. Ne4 Nd5 23. Nd2 Nde3 24. Nxc4 Nxc2 25.
Qxc2 bxc4 26. Rf1 d3 27. exd3 cxd3 28. Qa4 d2 29. Rd1 Rc1 30. Bf1 Rxd1 31. Qxd1 Re8 32. Kf2 Re1 0-1

[Event "*** SCC Grand Prix: Titled Tuesday Blitz"]
[Site "Chess.com"]
[Date "2020.09.29"]
[Round "5"]
[White "Omk124"]
[Black "rakshi2005"]
[Result "1-0"]
[WhiteElo "2432"]
[BlackElo "2255"]
[TimeControl "180+1"]
[EndTime "10:54:00 PDT"]
[Termination "Omk124 won by resignation"]

1. e4 e5 2. Nf3 Nc6 3. Bc4 Bc5 4. c3 Nf6 5. d3 d6 6. Nbd2 h6 7. Nf1 Be6 8. Bb5 a6 9. Ba4 Qe7 10. Ng3 g6 11. O-O h5 12. d4 h4 13. Ne2 b5 14.
Bc2 Bb6 15. d5 Bd7 16. dxc6 Bxc6 17. Bg5 Bd7 18. h3 Rh5 19. a4 Qe6 20. axb5 Bxb5 21. Ba4 Rb8 22. Bxf6 Qxf6 23. Qd5 Bxa4 24. Rxa4 g5 25.
Nh2 Rh8 26. Rxa6 Qe6 27. Qc6+ Ke7 28. Ng4 f5 29. exf5 Qxf5 30. Kh1 Rhf8 31. Ng1 Qd3 32. Raa1 Rf4 33. Rae1 Qf5 34. Qd5 Rxg4 35. hxg4 Qxg4 36. Nh3 Rf8 37. Qd2 Rf3 38. Qxg5+ Qxg5 39. Nxg5 Rf5 40. Nh3 1-0